 Dungeon Crawl Stone Soup version 0.20-a0-864-g92acfd1 (webtiles) character file.

35 Alarkh the Ruffian (level 3, 29/29 HPs)
             Began as a Ghoul Monk on Mar 12, 2017.
             Was a Believer of Hepliaklqana.
             Quit the game on level 2 of the Dungeon.
             The game lasted 00:01:44 (1127 turns).

Alarkh the Ruffian (Ghoul Monk)                     Turns: 1127, Time: 00:01:45

Health: 29/29      AC:  2    Str: 14    XL:     3   Next: 33%
Magic:  2/2        EV: 13    Int:  6    God:    Hepliaklqana [**....]
Gold:   39         SH:  0    Dex: 11    Spells: 2/2 levels left

rFire    . . .     SeeInvis .     - Unarmed
rCold    + . .     Gourm    .   a - +0 robe
rNeg     + + +     Faith    .   (no shield)
rPois    ∞         Spirit   .   (no helmet)
rElec    .         Reflect  .   (no cloak)
rCorr    .         Harm     .   (no gloves)
MR       .....                  (no boots)
Stlth    ++........             (no amulet)
Regen    0.0/turn               (no ring)
MPRegen  0.1/turn               (no ring)

@: rotting
A: rotting body, reduced essence, claws 1, carnivore 3, cold resistance 1,
negative energy resistance 3, inhibited regeneration, torment resistance,
unbreathing
a: Ancestor Life: Knight, Ancestor Life: Battlemage, Ancestor Life: Hexer,
Recall Ancestor, Ancestor Identity, Renounce Religion


You were on level 2 of the Dungeon.
You worshipped Hepliaklqana.
Hepliaklqana was pleased with you.
You were not hungry.

You visited 1 branch of the dungeon, and saw 2 of its levels.

You collected 39 gold pieces.

Inventory:

Armour
 a - a +0 robe (worn)
Scrolls
 d - a scroll of teleportation {unknown}
 f - 2 scrolls of fear {unknown}
 g - 2 scrolls of remove curse {unknown}
 i - a scroll of enchant weapon {unknown}
Potions
 e - 2 potions of curing {unknown}
 h - a potion of mutation {unknown}
 j - a potion of haste {unknown}
Comestibles
 b - 2 meat rations
 c - 6 chunks of flesh


   Skills:
 + Level 3.7 Fighting
 + Level 2.9 Dodging
 - Level 2.1 Stealth
 * Level 4.2 Unarmed Combat


You had 2 spell levels left.
You didn't know any spells.

Dungeon Overview and Level Annotations

Branches:
Dungeon (2/15)

Altars:
Hepliaklqana


Innate Abilities, Weirdness & Mutations

Your body is rotting away.
You thrive on raw meat.
You are immune to poison.
You have sharp fingernails.
You are carnivorous and can eat meat at any time.
Your flesh is cold resistant. (rC+)
You are immune to negative energy. (rN+++)
You do not regenerate when monsters are visible.
You are immune to unholy pain and torment.
You can survive without breathing.
Your life essence is reduced. (-10% HP)


Message History

Moving in this stuff is going to be slow.
You enter the shallow water.
Moving in this stuff is going to be slow.
A quokka comes into view.
Found 13 bolts.
Found two whips.
There is a faded altar of an unknown god here.
You cannot tell which god this altar belongs to.
Convert to them anyway?
Hepliaklqana accepts your prayer! Hepliaklqana welcomes you!
You may now remember your ancestor's life.
Hepliaklqana forms a fragment of your life essence into the memory of your ancestor, Jaydra # not many names!
You can now recall your ancestor.
You can now remember your ancestor's identity.
Press: ? - help, v - describe, . - travel
Here: Jaydra # not many names the ancestor (water, friendly) Some deep water.
Welcome back, Alarkh the Ghoul Monk.
Press ? for a list of commands and other information.
Are you sure you want to abandon this character and quit the game? (Confirm with "yes".)

.#.#....#######
.).)≈≈≈≈..≈...#
...≈(≈≈..≈.≈..#
#.≈.≈≈≈≈≈≈≈≈≈..# #.....
.#.≈.≈≈≈≈≈≈≈≈≈≈≈#
.......#...≈≈≈≈≈R≈≈≈≈.#
.......<.≈≈≈≈≈≈≈≈≈≈..#
.......≈≈≈≈≈.@.≈≈≈≈.# .
......≈.≈≈≈♣.♣≈≈≈.≈.
#.###.#...≈≈≈≈≈≈≈≈≈≈≈.≈#
#.....#.#.≈.≈≈≈≈≈≈≈≈r..#
#.........≈.≈≈≈≈≈≈≈≈≈≈≈#
.......<..≈....≈≈≈≈≈≈.≈#
#.####.###.≈.≈!.≈≈.....#
#. #..)...##.###.#####
#.####(####.##... .#


You could see the friendly Jaydra # not many names the ancestor and a quokka.

Vanquished Creatures
  2 oozes
  A worm (D:2)
  2 giant cockroaches (D:1)
  2 goblins (D:1)
  5 hobgoblins (D:1)
  A bat (D:1)
  2 frilled lizards (D:1)
  4 kobolds
  4 rats (D:1)
23 creatures vanquished.

Notes
Turn   | Place    | Note
-------+----------+-------------------------------------------
     0 | D:1      | Alarkh the Ghoul Monk began the quest for the Orb.
     0 | D:1      | Reached XP level 1. HP: 19/19 MP: 0/0
   384 | D:1      | Reached XP level 2. HP: 22/26 MP: 1/1
   906 | D:1      | Reached skill level 4 in Unarmed Combat
   907 | D:1      | Reached XP level 3. HP: 24/33 MP: 2/2
  1115 | D:2      | Found a faded altar of an unknown god.
  1126 | D:2      | Became a worshipper of Hepliaklqana the Forgotten
  1126 | D:2      | Reached * piety under Hepliaklqana
  1126 | D:2      | Reached ** piety under Hepliaklqana
  1127 | D:2      | Quit the game

Vault maps used:
D:1:      dpeg_arrival_shrine, minmay_misc_feat_pillars, st_stairs_14
D:2:      chequers_ecumenical_altar_island, first_bread, uniq_crazy_yiuf_cottage

Skill      XL: |  1  2 |
---------------+-------+-----
Unarmed Combat | 4 |  4.2
Fighting       | |  3.7
Dodging        | |  2.9
Stealth        | |  2.1

Action                   || total
-------------------------++-------
Melee: Unarmed           ||    62
 Stab: Sleeping          ||     1
  Eat: Chunk             ||     6
Armor: Robe              ||     6
Dodge: Dodged            ||    35
